 Dungeon Sprint DCSS version 0.18.1-48-g4cf74bf (webtiles) character file.

9 Joat the Magician (level 2, -1/13 HPs)
             Began as a Spriggan Air Elementalist on Sept 1, 2016.
             Was an Initiate of Vehumet.
             Slain by a hand axe of flaming (8 damage)
             ... in the Dungeon (Sprint V: "Ziggurat Sprint").
             The game lasted 00:08:24 (225 turns).

Joat the Magician (Spriggan Air Elementalist)        Turns: 225, Time: 00:08:24

Health: -1/13      AC:  2    Str:  4    XL:     2   Next: 6%
Magic:  11/15      EV: 18    Int: 34    God:    Vehumet [......]
Gold:   0          SH:  0    Dex: 16    Spells: 2 memorised, 9 levels left

rFire  . . .     SeeInvis +     H - +6 Majin-Bo {vamp, Archmagi MP+6 Int+6}
rCold  . . .     Gourm    .     a - +0 robe
rNeg   . . .     Faith    .     (shield currently unavailable)
rPois  .         Spirit   .     (helmet restricted)
rElec  .         Dismiss  .     (no cloak)
rCorr  .         Reflect  .     (gloves unavailable)
SustAt .         Harm     .     (boots unavailable)
MR     .....     NoTele   +     (no amulet)
Stlth  +++.......               A - +6 ring of intelligence
                                z - +6 ring of intelligence

@: very slightly contaminated, repel missiles, very quick, not resistant to
hostile enchantments, fairly stealthy
A: unfitting armour, see invisible, herbivore 3, speed 3, slow metabolism 2
a: Renounce Religion


You were in the Dungeon.
You worshipped Vehumet.
Vehumet was noncommittal.
You were full.

You visited 1 branch

Inventory:

Hand Weapons
 H - the +6 Majin-Bo (weapon) {vamp, Archmagi MP+6 Int+6}
   (You found it in the Dungeon)

   It inflicts no extra harm, but heals its wielder somewhat when it strikes a
   living foe.
   It affects your intelligence (+6).
   It affects your magic capacity (+6).
 J - a +5 quick blade
Armour
 a - a +0 robe (worn)
 I - a +3 buckler
Magical Staves
 L - an uncursed staff of energy
Jewellery
 x - a +6 ring of dexterity
 y - a +6 ring of dexterity
 z - a +6 ring of intelligence (left hand)
 A - a +6 ring of intelligence (right hand)
 B - a +6 ring of strength
 C - a +6 ring of strength
Wands
 D - a wand of disintegration (7/24)
 E - a wand of iceblast (5/15)
 F - a wand of lightning (5/15)
 G - a wand of acid (5/15)
Scrolls
 i - 2 scrolls of blinking
 p - 4 scrolls of amnesia
 q - 3 scrolls of recharging
 r - 7 scrolls of fog
 s - a scroll of holy word
 t - 5 scrolls of identify
 u - 5 scrolls of remove curse
 v - 2 scrolls of fear
Potions
 d - 10 potions of curing
 e - 10 potions of heal wounds
 f - 6 potions of haste
 g - 7 potions of magic
 h - 3 potions of berserk rage
 j - 2 potions of brilliance
 k - 2 potions of invisibility
 l - 4 potions of resistance
 n - 5 potions of agility
 o - 5 potions of might
Books
 b - a book of Air

   Spells                             Type                      Level
   a - Shock                          Conjuration/Air              1
   b - Swiftness                      Charms/Air                   2
   c - Repel Missiles                 Charms/Air                   2
   d - Static Discharge               Conjuration/Air              3
   e - Lightning Bolt                 Conjuration/Air              5
Miscellaneous
 K - a disc of storms
 M - a crystal ball of energy
Comestibles
 c - 4 bread rations
 w - 42 fruits


   Skills:
 - Level 3.0 Dodging
 - Level 3.0 Stealth
 + Level 5.7 Spellcasting
 + Level 3.2 Conjurations
 - Level 4.6 Air Magic


You had 9 spell levels left.
You knew the following spells:

 Your Spells              Type           Power        Failure   Level  Hunger
a - Shock                 Conj/Air       ####         1%          1    None
b - Repel Missiles        Chrm/Air       #####.       2%          2    None


Dungeon Overview and Level Annotations

Branches:
Dungeon (1/1)

Altars:
Ashenzari
Cheibriados
Dithmenos
Elyvilon
Fedhas
Gozag
Kikubaaqudgha
Makhleb
Nemelex Xobeh
Okawaru
Pakellas
Qazlal
Ru
Sif Muna
Trog
Vehumet
Xom
Yredelemnul
Zin
The Shining One
Beogh
Jiyva
Lugonu


Innate Abilities, Weirdness & Mutations

You are tiny and cannot use many weapons and most armour.
You have supernaturally acute eyesight.
You are a herbivore.
You cover ground extremely quickly.
You need consume almost no food.


Message History

You feel a surge of power!
The zap misses the hand axe of flaming.
The zap hits the deep elf archer.
The deep elf archer is lightly wounded.
The deep elf archer shouts!
The zap hits the short sword of venom.
The short sword of venom completely resists.
Casting: Shock
Confirm with . or Enter, or press ? or * to list all spells.
Aiming: Shock
Press: ? - help, Shift-Dir - straight line, f - fire elemental, p - short sword of venom
Aim: a fire elemental (hasn't noticed you)
You feel a surge of power!
The zap hits the hand axe of flaming.
The hand axe of flaming completely resists.
The zap hits the deep elf archer.
The deep elf archer is moderately wounded.
The zap hits the fire elemental.
The fire elemental resists.
The fire elemental is lightly damaged.
The hand axe of flaming hits you!
Ouch! That really hurt!
You die...

▓.....▓.....▓▓▓▓▓▓▓
▓▓▓▓▓▓▓▓▓▓▓▓▓▓
▓..8©8...▓
▓..§§)...▓
▓...E....▓
▓...e....▓
...(....▓
▓.▓.(..▓.▓
▓...@....▓
▓▓▓▓▓▓▓▓▓▓


You could see a deep elf archer, a fire elemental and 2 dancing weapons.

Vanquished Creatures
  A bat skeleton (D)
1 creature vanquished.

Vanquished Creatures (others)
  A spatial maelstrom (D)
1 creature vanquished.

Grand Total: 2 creatures vanquished

Notes
Turn   | Place    | Note
--------------------------------------------------------------
     0 | D        | Joat the Spriggan Air Elementalist began the quest for the Orb.
     0 | D        | Reached XP level 1. HP: 9/9 MP: 5/5
     0 | D        | Found a viscous altar of Jiyva.
     0 | D        | Found a roughly hewn altar of Beogh.
     0 | D        | Found a corrupted altar of Lugonu.
     0 | D        | Found a white marble altar of Elyvilon.
     0 | D        | Found a sparkling altar of Nemelex Xobeh.
     5 | D        | Found a burning altar of Makhleb.
     5 | D        | Found an iron altar of Okawaru.
     5 | D        | Found a deep blue altar of Sif Muna.
     5 | D        | Found a radiant altar of Vehumet.
     5 | D        | Found a bloodstained altar of Trog.
     5 | D        | Found a shimmering altar of Xom.
    11 | D        | Banished a spatial maelstrom
    80 | D        | Became a worshipper of Vehumet
   148 | D        | Reached skill level 5 in Spellcasting
   148 | D        | Reached XP level 2. HP: 13/13 MP: 9/9
   152 | D        | Learned a level 2 spell: Repel Missiles
   206 | D        | Entered arena 1.
   206 | D        | Noticed a phantom
   217 | D        | Entered arena 2.
   217 | D        | Noticed Rayhei the pandemonium lord
   222 | D        | Entered arena 3.
   222 | D        | Noticed an orc high priest
   222 | D        | Noticed a deep elf mage
   222 | D        | Noticed a fire elemental
   222 | D        | Noticed a deep elf knight
   223 | D        | Entered arena 4.
   223 | D        | Noticed a fire elemental
   223 | D        | Noticed a short sword of venom
   223 | D        | Noticed a hand axe of flaming
   223 | D        | Noticed a deep elf archer
   225 | D        | Slain by a hand axe of flaming

Skill      XL: |  1 |
---------------+----+-----
Spellcasting   | 5 |  5.7
Conjurations   | 3 |  3.2
Air Magic      | 4 |  4.6
Dodging        | |  3.0
Stealth        | |  3.0

Action                   || total
-------------------------++-------
 Cast: Shock             ||     6
       Repel Missiles    ||     1
  Use: Potion            ||     1
       Scroll            ||     2
  Eat: Bread ration      ||     1
Armor: Robe              ||     3
Dodge: Dodged            ||     3
